 Dungeon Crawl Stone Soup version 0.30-a0-632-g346586fe48 (webtiles) character file.

Game seed: 14912599818636979322

102 pokeman the Magician (level 4, -1/25 HPs)
             Began as a Deep Elf Hedge Wizard on Jan 13, 2023.
             Slain by a phantom (7 damage)
             ... on level 4 of the Dungeon.
             The game lasted 00:04:53 (3026 turns).

pokeman the Magician (Deep Elf Hedge Wizard)        Turns: 3026, Time: 00:04:53

Health: -1/25      AC:  4    Str:  7    XL:     4   Next: 50%
Magic:  9/22       EV: 12    Int: 21    God:
Gold:   115        SH:  0    Dex: 14    Spells: 6/14 levels left

rFire   . . .      SeeInvis +    a - +0 dagger
rCold   . . .      Faith    .    (no shield)
rNeg    . . .      Spirit   .    b - +0 robe
rPois   .          Reflect  .    c - +0 hat
rElec   .          Harm     .    i - +1 cloak
rCorr   .          Rampage  .    (no gloves)
Will    .....                    (no boots)
Stlth   ++                       (no amulet)
HPRegen 0.24/turn                m - ring of magical power
MPRegen 0.18/turn                p - ring of see invisible

@: studying Air Magic
A: no striking features
a: no special abilities


You were on level 4 of the Dungeon.
You visited 1 branch of the dungeon, and saw 4 of its levels.

You collected 115 gold pieces.

Inventory:

Hand Weapons
 a - a +0 dagger (weapon)
Missiles
 j - a throwing net
Armour
 b - a +0 robe (worn)
 c - a +0 hat (worn)
 i - a +1 cloak (worn)
Magical Staves
 l - a staff of conjuration
Jewellery
 m - a ring of magical power (left hand)
 p - a ring of see invisible (right hand)
 r - a ring of resist corrosion
Wands
 t - a wand of digging (7)
Scrolls
 h - a scroll of butterflies {unknown}
 n - 2 scrolls of teleportation {unknown}
 o - 3 scrolls of identify {unknown}
 s - a scroll of brand weapon {unknown}
Potions
 d - a potion of magic
 e - 3 potions of berserk rage {unknown}
 f - 2 potions of degeneration {unknown}
 g - a potion of mutation {unknown}
 k - a potion of curing {unknown}
 q - a potion of heal wounds {unknown}


   Skills:
 - Level 1.0 Fighting
 - Level 1.0 Armour
 + Level 2.7 Dodging
 + Level 2.8 Stealth
 * Level 5.7 Spellcasting
 + Level 2.3 Conjurations
 - Level 1.1 Summonings
 - Level 1.1 Translocations


You had 6 spell levels left.
You knew the following spells:

 Your Spells              Type           Power      Damage    Failure   Level
a - Magic Dart            Conj           60%        1d6       3%          1
b - Mephitic Cloud        Conj/Pois/Air  9%         N/A       22%         3
c - Call Imp              Summ           10%        N/A       10%         2
d - Blink                 Tloc           20%        N/A       10%         2

Your spell library contained the following spells:

 Spells                   Type           Power      Damage    Failure   Level
 Slow                     Hex            24%        N/A       10%         1
 Cigotuvi's Dreadful Rot  Necr/Pois/Air  12%        N/A       16%         2


Dungeon Overview and Level Annotations

Branches:
Dungeon (4/15)
 Temple: D:4-7

Altars:

Shops:
D:1 [


Message History

Aiming: Magic Dart (safe; 3% risk of failure)
Press: ? - help, Shift-Dir - straight line, f/p - phantom
Aim: a phantom (severely damaged, 100% to hit)
The magic dart hits the phantom but does no damage.
The phantom is severely damaged.
The phantom hits you.
Casting: Magic Dart (safe; 3% risk of failure)
Confirm with . or Enter, or press ? or * to list all spells.
Aiming: Magic Dart (safe; 3% risk of failure)
Press: ? - help, Shift-Dir - straight line, f/p - phantom
Aim: a phantom (severely damaged, 100% to hit)
The magic dart hits the phantom.
The phantom is almost destroyed.
The phantom hits you.
The phantom blinks!
You blink.
Casting: Magic Dart (safe; 3% risk of failure)
Confirm with . or Enter, or press ? or * to list all spells.
Aiming: Magic Dart (safe; 3% risk of failure)
Press: ? - help, Shift-Dir - straight line, f/p - phantom
Aim: a phantom (almost destroyed, 100% to hit)
The magic dart hits the phantom.
The phantom is almost destroyed.
The phantom hits you.
The phantom blinks!
You blink.
Casting: Magic Dart (safe; 3% risk of failure)
Confirm with . or Enter, or press ? or * to list all spells.
Aiming: Magic Dart (safe; 3% risk of failure)
Press: ? - help, Shift-Dir - straight line, f/p - phantom
Aim: a phantom (almost destroyed, 100% to hit)
The magic dart hits the phantom.
The phantom is almost destroyed.
The phantom hits you.
* * * LOW HITPOINT WARNING * * *
Casting: Magic Dart (safe; 3% risk of failure)
Confirm with . or Enter, or press ? or * to list all spells.
Aiming: Magic Dart (safe; 3% risk of failure)
Press: ? - help, Shift-Dir - straight line, f/p - phantom
Aim: a phantom (almost destroyed, 100% to hit)
The magic dart hits the phantom but does no damage.
The phantom is almost destroyed.
The phantom hits you!
You die...

...........
........... .....♣♣P
........... ......~♣
###.......# #......♣
#.......# #......#
#.......# #......#
#.......# #......+
##....>..######.W....#
#.....#+###....@.#
#.....# #......#
#.....# #......+
#.....# #......#
##.....#####......#
#.....##..#.....###
#.....'...'.....#
#.....#...#...^.#
#.....#...#.....#


You could see a phantom.

Vanquished Creatures
  2 gnolls (D:2)
  3 adders
  An ufetubus (D:4)
  A worm (D:2)
  3 endoplasms
  A giant cockroach (D:1)
  2 goblins
  4 hobgoblins (D:1)
  A jackal (D:2)
  2 quokkas (D:2)
  5 ball pythons
  4 bats
  3 frilled lizards
  3 kobolds
  5 rats
40 creatures vanquished.

Vanquished Creatures (collateral kills)
  A gnoll (D:2)
1 creature vanquished.

Vanquished Creatures (others)
  A plant (D:4)
1 creature vanquished.

Grand Total: 42 creatures vanquished

Notes
Turn   | Place    | Note
-------+----------+-------------------------------------------
     0 | D:1      | pokeman the Deep Elf Hedge Wizard began the quest for the
                  | Orb.
     0 | D:1      | Reached XP level 1. HP: 10/10 MP: 7/7
    81 | D:1      | Found Bututi Kayr's Antique Armour Boutique.
   342 | D:1      | Reached XP level 2. HP: 16/16 MP: 4/9
  1389 | D:2      | Reached skill level 5 in Spellcasting
  1389 | D:2      | Reached XP level 3. HP: 18/20 MP: 3/11
  1393 | D:2      | Learned a level 3 spell: Mephitic Cloud
  1396 | D:2      | Learned a level 2 spell: Call Imp
  1399 | D:2      | Learned a level 2 spell: Blink
  1494 | D:2      | Reached skill level 1 in Fighting
  1494 | D:2      | Reached skill level 1 in Armour
  2325 | D:2      | Reached XP level 4. HP: 25/25 MP: 13/13
  2813 | D:3      | Found a faded altar of an unknown god.
  3011 | D:4      | Noticed a phantom
  3026 | D:4      | Slain by a phantom

Illustrated notes

Levels and vault maps discovered:
D:1:      shiori_arrival_maze, layout_basic, serial_shops, nicolae_shop_trees
D:2:      layout_loops_corners, minivault_24, st_stairs_4, nrook_mini_backslash
D:3:      layout_basic, shapermc_ecumenical_altar_notcrosses
D:4:      dreamdust_elfheim, layout_gridville, serial_bayou,
          serial_bayou_shore_a, serial_bayou_shore_b, serial_bayou_ford_a,
          serial_bayou_pond_c, minmay_checkerbox

Skill      XL: |  1  2  3 |
---------------+----------+-----
Spellcasting   | 5 |  5.7
Fighting       | 1 |  1.0
Armour         | 1 |  1.0
Conjurations   | 2 |  2.3
Dodging        | |  2.7
Stealth        | |  2.8
Summonings     | |  1.1
Translocations | |  1.1

Action                   |  1- 3 |  4- 6 || total
-------------------------+-------+-------++-------
Melee: Dagger            |     4 |       ||     4
 Cast: Magic Dart        |    96 |    44 ||   140
       Call Imp          |     2 |       ||     2
Armor: Robe              |     6 |     6 ||    12
Dodge: Dodged            |    31 |     5 ||    36

Table legend: (Time is in decaauts)
 A = Elapsed time spent in this place.
 B = Non-inter-level travel time spent in this place.
 C = Inter-level travel time spent in this place.
 D = Time resting spent in this place.
 E = Time spent auto-exploring this place.
 F = Levels seen in this place.
 G = Mean time per level.
                   A        B        C        D        E       F      G
               +--------+--------+--------+--------+--------+-----+--------+
         Total |   3025 |   2956 |     69 |    243 |   2415 |   4 |  756.2 |
       Dungeon |   3025 |   2956 |     69 |    243 |   2415 |   4 |  756.2 |
               +--------+--------+--------+--------+--------+-----+--------+

Top non-repeatable levels by time:
     D:2: 1366 daAuts
     D:1: 1069 daAuts
     D:3: 513 daAuts
     D:4: 75 daAuts
